 Dungeon Crawl Stone Soup version 0.28-b1-25-g9875b3fc8c (webtiles) character file.

Game seed: 18037680946707895638

192 growler the Gusty (level 5, -1/26 (28) HPs)
             Began as a Tengu Air Elementalist on Feb 1, 2022.
             Killed by their own static electricity (3 damage)
             ... on level 3 of the Dungeon.
             The game lasted 00:07:15 (3428 turns).

growler the Gusty (Tengu Air Elementalist)          Turns: 3428, Time: 00:07:16

HP:   -1/26 (28)    AC:  2    Str:  9    XL:     5   Next: 71%
MP:   6/11          EV: 14    Int: 17    God:
Gold: 85            SH:  5    Dex: 14    Spells: 0/10 levels left

rFire   . . .      SeeInvis .   m - +3 whip
rCold   . . .      Faith    .   (no shield)
rNeg    . . .      Spirit   .   a - +0 robe
rPois   .          Reflect  +   (helmet restricted)
rElec   .          Harm     .   (no cloak)
rCorr   .          Rampage  .   (no gloves)
Will    .....                   (boots unavailable)
Stlth   ++........              o - amulet of reflection
HPRegen 0.08/turn               (no ring)
MPRegen 0.12/turn               (no ring)

@: flying quickly and evasively, drained, quick
A: beak, talons 3, nimble flight
a: no special abilities


You were on level 3 of the Dungeon.
You visited 1 branch of the dungeon, and saw 3 of its levels.

You collected 85 gold pieces.

Inventory:

Hand Weapons
 m - a +3 whip (weapon)
   (You found it on level 3 of the Dungeon)
Armour
 a - a +0 robe (worn)
Jewellery
 o - an amulet of reflection (around neck)
   (You found it on level 3 of the Dungeon)
Scrolls
 b - 2 scrolls of vulnerability {unknown}
 c - a scroll of summoning {unknown}
 f - a scroll of identify {unknown}
 g - a scroll of holy word {unknown}
 h - 3 scrolls of enchant weapon {unknown}
 l - a scroll of fog {unknown}
 n - 2 scrolls of magic mapping {unknown}
Potions
 d - a potion of heal wounds {unknown}
 e - 2 potions of might {unknown}
 i - a potion of ambrosia {unknown}
 j - a potion of berserk rage
 k - 2 potions of curing {unknown}
 p - a potion of cancellation {unknown}


   Skills:
 - Level 2.1 Dodging
 - Level 2.0 Stealth
 + Level 3.4 Spellcasting
 + Level 4.1 Conjurations
 + Level 5.7 Air Magic


You couldn't memorise any spells.
You knew the following spells:

 Your Spells              Type           Power      Damage    Failure   Level
a - Shock                 Conj/Air       76%        1d7       2%          1
b - Airstrike             Air            11%        N/A       16%         4
d - Static Discharge      Conj/Air       19%        N/A       3%          2
s - Swiftness             Air            22%        N/A       4%          3

Your spell library contained the following spells:

 Spells                   Type           Power      Damage    Failure   Level
 Borgnjor's Revivificati  Necr           1%         N/A       100%        8
 Necromutation            Tmut/Necr      1%         N/A       100%        8
 Death's Door             Necr           1%         N/A       100%        9


Dungeon Overview and Level Annotations

Branches:
Dungeon (3/15)

Altars:
Gozag

Annotations:
D:3 Sigmund, Terence


Innate Abilities, Weirdness & Mutations

You have a beak for a mouth.
You have claws for feet.
Your magical nature lets you fly swiftly and evasively.


Message History

Level annotation: Sigmund
There is a stone staircase leading up here.
Things that are here:
a +0 ring mail; a +0 hand axe; an adder corpse
Found a falchion.
You see here a +0 flail.
Found a murky brown potion.
p - a murky brown potion
Found a stone staircase leading down.
There is a stone staircase leading down here.
There is a stone staircase leading up here.
Things that are here:
a +0 ring mail; a +0 mace An adder comes into view.
Found a stone staircase leading down.
The spell is extremely dangerous to miscast (16% risk of failure)!
Continue anyway?
Okay, then.
Unknown command.
Aim: an adder (asleep, 100% to hit)
The zap hits the adder.
The adder hisses angrily.
There is a stone staircase leading down here.
The adder is struck by an arc of lightning!
You kill the adder!
You are struck by an arc of lightning.
The lightning grounds out.
Found a scroll labelled OHYLYQ VIEHE KIU.
n - 2 scrolls labelled OHYLYQ VIEHE KIU (gained 1)
Found an opulent altar of Gozag.
Found 3 javelins.
There is a stone staircase leading down here.
Terence the Incautious comes into view.
He is wielding the +7 Throatcutter {drain, coup de grace}.
The zap hits Terence but does no damage.
Terence shouts!
The zap hits Terence!
Terence bares his teeth.
The zap misses Terence.
The zap hits Terence.
Terence drinks a potion.
Terence goes berserk!
Terence rages.
Terence hits you with the +7 Throatcutter {drain, coup de grace}!
Ouch! That really hurt!
* * * LOW HITPOINT WARNING * * *
You feel drained.
* * * LOW HITPOINT WARNING * * *
Terence is struck by an arc of lightning!
You are struck by an arc of lightning.
* * * LOW HITPOINT WARNING * * *
The lightning grounds out.
Terence closely misses you.
Terence is struck by an arc of lightning.
You are struck by an arc of lightning.
You die...

#.##.##.# #.##.##>#
#.......######.##.##.#
#.# #......b..... #.#
#............ #.#
#............ #.#
#............ #.##
#............ #.@#
#...<........ ##@#
#########.#... #.#
#......# ## # #.#
#.####.# # #.#
#.####.# #
#.###.#....# ###
#.##.......# #..
#.##..#.##.#####.#
#.............>...
####.#####.#####.#


You could see Terence (berserk).

Vanquished Creatures
  An ogre (D:2)
  5 adders
  A worm (D:3)
  2 dart slugs
  4 orcs (D:3)
  7 ball pythons
  4 bats
  2 endoplasms
  A giant cockroach (D:3)
  3 hobgoblins (D:1)
  3 quokkas (D:1)
  6 frilled lizards
  8 goblins
  8 kobolds (D:1)
  2 rats
57 creatures vanquished.

Notes
Turn   | Place    | Note
-------+----------+-------------------------------------------
     0 | D:1      | growler the Tengu Air Elementalist began the quest for the
                  | Orb.
     0 | D:1      | Reached XP level 1. HP: 10/10 MP: 4/4
   242 | D:1      | Reached XP level 2. HP: 15/15 MP: 4/6
   248 | D:1      | Learned a level 2 spell: Static Discharge
   643 | D:1      | Found a faded altar of an unknown god.
   769 | D:1      | Reached XP level 3. HP: 19/19 MP: 4/7
   828 | D:1      | Learned a level 3 spell: Swiftness
  1694 | D:2      | Noticed an ogre
  2127 | D:2      | Killed an ogre
  2128 | D:2      | Reached skill level 5 in Air Magic
  2128 | D:2      | Reached XP level 4. HP: 24/24 MP: 2/9
  2128 | D:2      | Gained mutation: Your magical nature lets you fly swiftly
                  | and evasively. [Tengu growth]
  2128 | D:2      | Reached XP level 5. HP: 28/28 MP: 2/10
  2133 | D:2      | Learned a level 4 spell: Airstrike
  2741 | D:3      | Noticed Sigmund
  3090 | D:3      | Noticed an ogre
  3326 | D:3      | Found an opulent altar of Gozag.
  3418 | D:3      | Noticed Terence
  3428 | D:3      | Killed from afar by themself

Illustrated notes

Levels and vault maps discovered:
D:1:      lemuel_arrival_rhombus, layout_loops_cross, basic_ecumenical_altar
D:2:      layout_rooms, minivault_19, fountainhead, kennysheep_doodads
D:3:      layout_loops_cross, grunt_gozag_statues, uniq_crazy_yiuf_cottage,
          uniq_terence, uniq_sigmund, uniq_natasha

Skill      XL: |  1  2  3  4  5 |
---------------+----------------+-----
Conjurations   | 2 3 4 |  4.1
Spellcasting   | 3 |  3.4
Air Magic      | 5 |  5.7
Dodging        | |  2.1
Stealth        | |  2.0

Action                   |  1- 3 |  4- 6 || total
-------------------------+-------+-------++-------
Melee: Whip              |       |     2 ||     2
       Unarmed           |       |     1 ||     1
       Kick              |       |     1 ||     1
 Cast: Shock             |    67 |    34 ||   101
       Static Discharge  |     8 |     8 ||    16
Armor: Robe              |       |     2 ||     2
Dodge: Dodged            |    10 |     4 ||    14
Block: Other             |       |     1 ||     1
